 Dungeon Crawl Stone Soup version 0.30-b1-2-g02819fbbbe (webtiles) character file.

Game seed: 10563481094568125412

29624 EnoxNightshade the Impaler (level 13, -1/101 HPs)
             Began as a Merfolk Monk on July 8, 2023.
             Was the Champion of Nemelex Xobeh.
             Slain by a wolf spider (6 damage)
             ... on level 1 of the Spider Nest on July 18, 2023.
             The game lasted 04:08:54 (13236 turns).

EnoxNightshade the Impaler (Merfolk Monk)          Turns: 13236, Time: 04:08:54

Health: -1/101     AC: 14    Str: 23    XL:     13   Next: 46%
Magic:  27/27      EV: 15    Int:  9    God:    Nemelex Xobeh [******]
Gold:   766        SH:  5    Dex: 18    Spells: 18/19 levels left

rFire   + . .        P - +3 spear (venom)
rCold   . . .        d - orb {light}
rNeg    . . .        V - +1 scale mail of Poor Excuses {rF+ Str+2 Slay+6}
rPois   .            w - +0 helmet
rElec   .            r - +2 cloak
rCorr   .            (no gloves)
SInv    .            y - +0 pair of boots
Will    .....        q - amulet of reflection
Stlth   ++           s - +6 ring of strength
HPRegen 0.36/turn    Q - ring of magical power
MPRegen 0.20/turn

%: reflection
@: glowing
A: (nimble swimmer 2), mertail
a: Renounce Religion, Draw Escape, Draw Destruction, Draw Summoning, Triple
Draw, Deal Four, Stack Five


You were on level 1 of the Spider Nest.
You worshipped Nemelex Xobeh.
Nemelex Xobeh was exalted by your worship.
You visited 3 branches of the dungeon, and saw 11 of its levels.
You also visited: Sewer.

You collected 766 gold pieces.

Inventory:

Hand Weapons
 a - a +2 spectral spear
 b - a +1 scimitar of flaming
 f - the +0 trident of Rerchith {freeze, rElec rPois rC- Dex-5}
   (You found it on level 2 of the Dungeon)

   Dex:       It affects your dexterity (-5).
   rC:        It makes you vulnerable to cold.
   rElec:     It insulates you from electricity.
   rPois:     It protects you from poison.
 o - a +0 longbow
 t - a +0 scythe
 u - a +0 trident of draining
 A - a +2 lajatang of pain
 F - a +0 long sword
 H - a +2 spectral quarterstaff
 O - a +0 great sword
 P - a +3 spear of venom (weapon)
Missiles
 j - 5 boomerangs
 n - 7 poisoned darts
 E - 2 curare-tipped darts
 U - 6 javelins
Armour
 d - an orb of light (worn)
 r - a +2 cloak (worn)
 w - a +0 helmet (worn)
 y - a +0 pair of boots (worn)
 D - a +0 plate armour
 K - the +0 leather armour "Vyuxtorch" {+Blink Str+2}
   (You found it on level 1 of the Lair of Beasts)

   Str:       It affects your strength (+2).
   +Blink:    It lets you blink.
 R - a +0 chain mail
 V - the +1 scale mail of Poor Excuses (worn) {rF+ Str+2 Slay+6}
   (You found it on level 7 of the Dungeon)

   Str:       It affects your strength (+2).
   Slay:      It affects your accuracy & damage with ranged weapons and melee
   (+6).
   rF:        It protects you from fire.
 Y - a +2 robe
Jewellery
 q - an amulet of reflection (around neck)
 s - a +6 ring of strength (left hand)
 C - a ring of see invisible
 I - an amulet of faith
 Q - a ring of magical power (right hand)
 X - an amulet of regeneration
Wands
 v - a wand of mindburst (9)
 J - a wand of flame (42)
 M - a wand of light (1)
 T - a wand of roots (5)
 W - a wand of polymorph (6)
Scrolls
 e - a scroll of amnesia
 g - 8 scrolls of teleportation
 p - 2 scrolls of torment {unknown}
 x - 3 scrolls of blinking
 B - 2 scrolls of fog
 G - a scroll of magic mapping
 L - a scroll of summoning {unknown}
Potions
 c - 2 potions of ambrosia
 h - 3 potions of brilliance
 i - 2 potions of curing
 k - 5 potions of haste
 l - 2 potions of lignification
 m - 2 potions of magic
 z - a potion of resistance
 N - a potion of might {unknown}


   Skills:
 + Level 9.2 Fighting
 + Level 16.2 Polearms
 + Level 1.0 Throwing
 - Level 5.0 Armour
 + Level 9.3 Dodging
 + Level 10.4 Stealth
 + Level 5.6 Shields
 * Level 3.8 Spellcasting
 * Level 4.6 Ice Magic
 + Level 6.2 Invocations
 + Level 5.7 Evocations


You had 18 spell levels left.
You knew the following spells:

 Your Spells              Type           Power      Damage    Failure   Level
a - Freeze                Ice            40%        1d6       10%         1

Your spell library contained the following spells:

 Spells                   Type           Power      Damage    Failure   Level
 Frozen Ramparts          Ice            20%        1d4       28%         3
 Hailstorm                Conj/Ice       5%         3d4       58%         3
 Dazzling Flash           Conj/Hex       2%         N/A       89%         3
 Agony                    Necr           1%         N/A       100%        5
 Blade Hands              Tmut           0%         N/A       100%        5
 Irradiate                Conj/Tmut      0%         3d11      100%        5
 Silence                  Hex/Air        0%         N/A       100%        5
 Dragon Form              Tmut           0%         N/A       100%        7


Dungeon Overview and Level Annotations

Branches:
Dungeon (8/15)             Temple (0/1) D:5            Lair (2/5) D:8
 Spider (1/4) Lair:2        Sewer (visited)
  Swamp: Lair:2-3    Shoals: Lair:2-3

Altars:
Fedhas
Kikubaaqudgha
Nemelex Xobeh
Okawaru
Ru
Sif Muna
Vehumet

Shops:
D:3 *   D:4 =

Annotations:
D:7 exclusion: oklob plant


Innate Abilities, Weirdness & Mutations

((You are very nimble when in or above water. (Stealth+, EV+, Speed+++)))
Your lower body shifts to a powerful aquatic tail in water.


Message History

The wolf spider is heavily wounded.
The wolf spider hits you.
* * * LOW HITPOINT WARNING * * *
The wolf spider bites you but does no damage.
A redback comes into view.
The cane toad closely misses you.
Your ice beast hits the cane toad.
Your ice beast freezes the cane toad!
The cane toad seems to slow down.
Your basilisk bites the cane toad!
You puncture the redback!
You kill the redback!
A redback comes into view.
The redback bites your ice beast!
You puncture the wolf spider!
The wolf spider looks as sick as possible!
The wolf spider is severely wounded.
Your basilisk gazes at the cane toad.
Your ice beast misses the redback.
You puncture the wolf spider!
The wolf spider looks as sick as possible!
The wolf spider is almost dead.
The redback bites your ice beast! The wolf spider closely misses you.
The wolf spider bites you!
* * * LOW HITPOINT WARNING * * *
You are lethally poisoned!
The wolf spider poisons you! The wolf spider hits your basilisk!
The wolf spider bites your basilisk.
Your basilisk looks as sick as possible!
The wolf spider poisons your basilisk!
You feel better. The redback bites your ice beast!
Your ice beast dies!
Your ice beast disappears in a puff of smoke!
The wolf spider hits you!
* * * LOW HITPOINT WARNING * * *
The wolf spider bites you.
* * * LOW HITPOINT WARNING * * *
The redback bites you!
* * * LOW HITPOINT WARNING * * *
The wolf spider hits you.
You die...
Your body glows with a rainbow of weird colours and disappears.

##.....#....#**,,,,*
#......>s.#*###,,,,,
##..<.#....#...#.,,,^
####.###....#.......,,,,
#......#s......#..,,,,,,
###.#....ss..#...?.#**,,,,
#.....##sB#...#..#.#,,,,,*
#......§Fs#s.........,,,,*
###.....l@s.##......?.,,,*
##.....ss........^..**,,
##.##...........#..,,,,
###..##...........^*,,
##.#,......,,,,,,**^
###*######*********


You could see 2 wolf spiders, a culicivora, a cane toad (petrified, slow,
misshapen, ally target), a pharaoh ant, a tarantella, 5 redbacks and a friendly
basilisk (summoned, extremely poisoned).

Vanquished Creatures
  Agnes (Spider:1)
  An emperor scorpion (Spider:1)
  An ettin (Spider:1)
  A centaur warrior (D:8)
  A radroach (Spider:1)
  A boulder beetle (Spider:1)
  A skeletal warrior (D:8)
  A wizard (D:8)
  Joseph (D:8)
  Maurice (D:8)
  A black mamba (Lair:2)
  A smoke demon (D:8)
  Maggie (D:7)
  2 demonic crawlers (Spider:1)
  6 cane toads
  5 komodo dragons
  A tengu conjurer (D:8)
  A troll (D:8)
  A polar bear (Lair:2)
  Prince Ribbit (D:7)
  4 tarantellas (Spider:1)
  12 blink frogs
  2 culicivoras (Spider:1)
  9 jumping spiders
  23 yaks
  Grum (D:8)
  2 basilisks
  Eustachio (D:4)
  8 redbacks
  4 steam dragons
  4 water moccasins (Lair:2)
  4 orc warriors
  A sky beast (D:7)
  21 wolves
  4 centaurs
  A phantom (D:5)
  12 bullfrogs
  2 kobold brigands
  2 scorpions
  15 killer bees
  2 vampire bats (Lair:1)
  A howler monkey (D:8)
  3 hounds
  3 gnoll boudas
  3 orc priests
  4 jellies
  2 iguanas
  5 orc wizards
  Robin (D:3)
  7 gnolls
  4 river rats
  11 adders
  A shadow imp (D:7)
  3 white imps
  33 orcs
  8 ball pythons
  10 bats
  9 endoplasms
  4 giant cockroaches
  16 hobgoblins
  10 jackals
  10 kobolds
  4 quokkas
  6 frilled lizards
  10 goblins
  9 rats
341 creatures vanquished.

Vanquished Creatures (collateral kills)
  A death drake (Spider:1)
  A demonic crawler (Spider:1)
  3 jumping spiders (Spider:1)
  A culicivora (Spider:1)
  3 redbacks (Spider:1)
  Menkaure (D:7)
  An ice beast (D:5)
  A sky beast (D:8)
  A phantom (D:4)
  A jelly (D:5)
  2 iguanas
  A sleepcap (D:8)
  An adder (D:2)
  A worm (D:2)
  An endoplasm (D:2)
  A giant cockroach (D:2)
  2 goblins (D:4)
  2 hobgoblins (D:4)
  A quokka (D:2)
  2 kobolds (D:4)
28 creatures vanquished.

Vanquished Creatures (others)
  A centaur warrior (D:8)
  A wolf (D:8)
  A bullfrog (Lair:2)
  An adder (D:2)
  34 fungi
  48 plants
  2 spectral weapons
  12 toadstools (D:7)
100 creatures vanquished.

Grand Total: 469 creatures vanquished

Notes
Turn   | Place    | Note
-------+----------+-------------------------------------------
     0 | D:1      | EnoxNightshade the Merfolk Monk began the quest for the
                  | Orb.
     0 | D:1      | Reached XP level 1. HP: 18/18 MP: 1/1
   110 | D:1      | Reached XP level 2. HP: 22/24 MP: 2/2
   446 | D:1      | Reached XP level 3. HP: 29/30 MP: 3/3
   968 | D:2      | Reached skill level 5 in Polearms
   988 | D:2      | Identified the +0 trident of Rerchith {freeze, rElec rPois
                  | rC- Dex-5}
  1006 | D:2      | Found a sparkling altar of Nemelex Xobeh.
  1014 | D:2      | Became a worshipper of Nemelex Xobeh the Trickster
  1014 | D:2      | Reached * piety under Nemelex Xobeh
  1014 | D:2      | Received a gift from Nemelex Xobeh
  1014 | D:2      | Reached ** piety under Nemelex Xobeh
  1248 | D:2      | Reached XP level 4. HP: 35/37 MP: 4/4
  1945 | D:3      | Found Ulirph's Assorted Antiques.
  2096 | D:3      | Reached skill level 6 in Polearms
  2096 | D:3      | Reached skill level 5 in Dodging
  2096 | D:3      | Reached skill level 1 in Invocations
  2096 | D:3      | Reached XP level 5. HP: 35/42 MP: 5/5
  2149 | D:3      | Noticed Sigmund
  2151 | D:3      | Sigmund changed into Sigmund the river rat
  2151 | D:3      | Noticed Sigmund
  2155 | D:3      | Killed Sigmund the river rat
  2195 | D:3      | Noticed Robin
  2225 | D:3      | Killed Robin
  2430 | D:3      | Received a gift from Nemelex Xobeh
  2490 | D:3      | Found an iron altar of Okawaru.
  2527 | D:3      | Found a faded altar of an unknown god.
  2633 | D:3      | Reached *** piety under Nemelex Xobeh
  2760 | D:4      | Found Peoxuan's Jewellery Shop.
  3026 | D:4      | Reached skill level 1 in Stealth
  3026 | D:4      | Reached XP level 6. HP: 39/48 MP: 5/7
  3094 | D:4      | Found a glowing drain.
  3109 | Sewer    | Entered a sewer
  3534 | Sewer    | Reached skill level 7 in Polearms
  3761 | Sewer    | Reached XP level 7. HP: 55/55 MP: 8/8
  4542 | D:4      | Noticed Eustachio
  4544 | D:4      | Killed Eustachio
  4545 | D:4      | Reached skill level 8 in Polearms
  4773 | D:5      | Entered Level 5 of the Dungeon
  4890 | D:5      | Received a gift from Nemelex Xobeh
  4997 | D:5      | Found a staircase to the Ecumenical Temple.
  5076 | D:5      | Reached XP level 8. HP: 32/61 MP: 10/10
  5225 | D:5      | Reached **** piety under Nemelex Xobeh
  5507 | D:5      | Reached skill level 5 in Fighting
  5507 | D:5      | Reached skill level 1 in Shields
  5916 | D:6      | Received a gift from Nemelex Xobeh
  6415 | D:7      | Reached skill level 9 in Polearms
  6422 | D:7      | Reached skill level 1 in Evocations
  6495 | D:7      | Noticed Prince Ribbit
  6498 | D:7      | Killed Prince Ribbit
  6499 | D:7      | Reached skill level 1 in Armour
  6499 | D:7      | Reached skill level 5 in Stealth
  6499 | D:7      | Reached XP level 9. HP: 68/68 MP: 12/12
  6525 | D:7      | Reached skill level 5 in Invocations
  6673 | D:7      | Reached skill level 10 in Polearms
  6898 | D:7      | Noticed Menkaure
  6906 | D:7      | Killed Menkaure
  6943 | D:7      | Identified the +1 scale mail of Poor Excuses {rF+ Str+2
                  | Slay+6}
  7185 | D:7      | Noticed Maggie
  7186 | D:7      | Killed Maggie
  7187 | D:7      | Reached skill level 11 in Polearms
  7391 | D:7      | Found a blossoming altar of Fedhas.
  7396 | D:7      | Reached ***** piety under Nemelex Xobeh
  7411 | D:7      | Noticed an oklob plant
  7545 | D:7      | Received a gift from Nemelex Xobeh
  7864 | D:8      | Reached XP level 10. HP: 76/76 MP: 14/14
  7964 | D:8      | Noticed Joseph
  8018 | D:8      | Noticed a skeletal warrior
  8019 | D:8      | Noticed a centaur warrior
  8020 | D:8      | Killed Joseph
  8020 | D:8      | Killed a skeletal warrior
  8021 | D:8      | Reached skill level 12 in Polearms
  8033 | D:8      | Killed a centaur warrior
  8034 | D:8      | Reached skill level 13 in Polearms
  8034 | D:8      | Reached skill level 1 in Throwing
  8073 | D:8      | Reached XP level 11. HP: 13/83 MP: 15/15
  8526 | D:8      | Noticed Maurice
  8542 | D:8      | Killed Maurice
  8709 | D:8      | Found a transporter.
  8710 | D:8      | Noticed a wizard
  8711 | D:8      | Noticed a centaur warrior
  8718 | D:8      | Found a transporter.
  8736 | D:8      | Noticed Grum
  8738 | D:8      | Found an ancient bone altar of Kikubaaqudgha.
  8746 | D:8      | Killed Grum
  8909 | D:8      | Killed a centaur warrior
  9192 | D:8      | Found a radiant altar of Vehumet.
  9203 | D:8      | Found a shimmering blue altar of Sif Muna.
  9527 | D:8      | Killed a wizard
  9528 | D:8      | Reached skill level 14 in Polearms
  9855 | D:8      | Found a staircase to the Lair.
  9861 | Lair:1   | Entered Level 1 of the Lair of Beasts
  9875 | Lair:1   | Reached skill level 5 in Armour
 10358 | Lair:1   | Received a gift from Nemelex Xobeh
 10491 | Lair:1   | Reached skill level 15 in Polearms
 10508 | Lair:1   | You fall into a shaft and drop 1 floor!
 10621 | Lair:1   | Reached skill level 5 in Evocations
 10621 | Lair:1   | Reached XP level 12. HP: 58/91 MP: 16/16
 10859 | Lair:1   | Identified the +0 leather armour "Vyuxtorch" {+Blink Str+2}
 11168 | Lair:1   | Received a gift from Nemelex Xobeh
 11679 | Lair:1   | Learned a level 1 spell: Freeze
 11759 | Lair:2   | Reached skill level 5 in Shields
 11944 | Lair:2   | Found a sacrificial altar of Ru.
 12081 | Lair:2   | Received a gift from Nemelex Xobeh
 12180 | Lair:2   | Reached skill level 1 in Spellcasting
 12180 | Lair:2   | Reached skill level 1 in Ice Magic
 12208 | Lair:2   | Reached ****** piety under Nemelex Xobeh
 12234 | Lair:2   | Found a hole to the Spider Nest.
 12421 | Lair:2   | Received a gift from Nemelex Xobeh
 12702 | Spider:1 | Entered Level 1 of the Spider Nest
 12729 | Spider:1 | Noticed an emperor scorpion
 12755 | Spider:1 | Killed an emperor scorpion
 12756 | Spider:1 | Reached skill level 16 in Polearms
 12756 | Spider:1 | Reached skill level 10 in Stealth
 12756 | Spider:1 | Reached XP level 13. HP: 21/99 MP: 17/17
 12870 | Spider:1 | Noticed Agnes
 12890 | Spider:1 | Killed Agnes
 13207 | Spider:1 | Noticed an emperor scorpion
 13218 | Spider:1 | an emperor scorpion changed into an ettin
 13218 | Spider:1 | Noticed an ettin
 13224 | Spider:1 | Killed an ettin
 13236 | Spider:1 | HP: 5/101 [redback (9)]
 13236 | Spider:1 | Slain by a wolf spider

Illustrated notes

Levels and vault maps discovered:
D:1:      lightli_arrival_maybe_door_vault, layout_basic, minivault_23,
          chequers_serial_rivers_small_b, minmay_strange_pillars
D:2:      layout_loops_cross, basic_altar, minmay_stone_trees_small
D:3:      cheibrodos_old_hovel, layout_loops_ring, mainiacjoe_overflow_alcove_1,
          serial_shops, nicolae_shop_competitors_out_of_business,
          shapermc_ecumenical_altar_acropolis, uniq_robin, uniq_sigmund
D:4:      layout_basic, portal_sewer_entry_f, serial_shops,
          nicolae_shop_tiny_waterfront, uniq_eustachio
D:5:      layout_cave_pods, minmay_temple_entry_junction
D:6:      layout_basic
D:7:      minmay_spotlight, layout_loops_ring, tgw_fedhas, uniq_maggie,
          uniq_menkaure, uniq_prince_ribbit1
D:8:      layout_loops_corners, gammafunk_temple_overflow_arena,
          mainiacjoe_overflow_large_starburst, lair_entry_dummy,
          minmay_pinched_square, uniq_joseph, uniq_grum, uniq_maurice
Lair:1:   layout_regular_city, roderic_batcave
Lair:2:   layout_big_grid, spider_nest_entry_a, basic_altar, st_stairs_8,
          beast_lair_carwin_4
Spider:1: layout_spider_delve, nicolae_spider_wall_of_niches, uniq_agnes

Skill      XL: |  1  2  3  4  5  6  7  8  9 10 11 12 13 |
---------------+----------------------------------------+-----
Polearms       | 5 6 7 8 9 11 13 15 16 | 16.2
Fighting       | 4 5 6 7 8 9 |  9.2
Dodging        | 5 6 7 8 9 |  9.3
Invocations    | 1 2 3 4 5 6 |  6.2
Stealth        | 1 2 3 5 6 7 10 | 10.4
Shields        | 1 2 3 4 5 |  5.6
Evocations     | 1 5 |  5.7
Armour         | 1 2 4 5 |  5.0
Throwing       | 1 |  1.0
Spellcasting   | 2 3 |  3.8
Ice Magic      | 3 4 |  4.6

Action                     |  1- 3 |  4- 6 |  7- 9 | 10-12 | 13-15 || total
---------------------------+-------+-------+-------+-------+-------++-------
  Melee: Spear             |    99 |   179 |   151 |   377 |    68 ||   874
         Tailslap          |       |    17 |     2 |     1 |       ||    20
  Throw: Boomerang         |       |     1 |       |       |       ||     1
         Dart              |       |       |     2 |       |       ||     2
   Cast: Freeze            |       |       |       |       |     1 ||     1
 Invoke: Draw Escape       |     2 |       |     2 |       |       ||     4
         Draw Summoning    |     1 |       |     7 |     3 |     2 ||    13
         Draw Destruction  |       |     5 |    19 |    18 |    10 ||    52
  Evoke: Wand              |       |       |     6 |    20 |    11 ||    37
    Use: Scroll            |     3 |     3 |    12 |     4 |     2 ||    24
         Potion            |       |       |     4 |     4 |     1 ||     9
   Stab: Sleeping          |       |     3 |       |     1 |       ||     4
         Distracted        |       |     3 |     4 |    10 |     3 ||    20
         Invisible         |       |       |       |     1 |     1 ||     2
 Armour: Robe              |     6 |    13 |     1 |       |       ||    20
         Ring mail         |       |       |    13 |       |       ||    13
         Scale mail        |       |       |       |    67 |    17 ||    84
  Dodge: Dodged            |    46 |    40 |    48 |   132 |    28 ||   294
  Block: Orb               |       |     9 |    22 |    39 |    11 ||    81
         Reflection        |       |       |     5 |     2 |       ||     7
